 Dungeon Crawl Stone Soup version 0.25-a0-734-g73332aeda9 (webtiles) character file.

Game seed: 17680071444894249190, levelgen mode: deterministic

1313 Error4North the Shield-Bearer (level 8, -3/67 HPs)
             Began as a Demigod Fighter on Apr 11, 2020.
             Slain by an orc warrior
             ... wielding a +0 scimitar
              (14 damage)
             ... on level 7 of the Dungeon.
             The game lasted 00:14:30 (5543 turns).

Error4North the Shield-Bearer (Demigod Fighter)     Turns: 5543, Time: 00:14:31

Health: -3/67      AC: 11    Str: 21    XL:     8   Next: 11%
Magic:  10/10      EV:  4    Int: 12    God:
Gold:   332        SH: 10    Dex: 17    Spells: 7/7 levels left

rFire    + . .     SeeInvis .   a - +0 war axe
rCold    + . .     Gourm    .   c - +0 kite shield
rNeg     . . .     Faith    .   u - +0 plate armour
rPois    .         Spirit   .   (no helmet)
rElec    .         Reflect  .   y - scarf {rC+ rF+}
rCorr    .         Harm     .   (no gloves)
MR       .....                  (no boots)
Stlth    ..........             (no amulet)
HPRegen  0.21/turn              r - ring of attention (curse)
MPRegen  0.12/turn              (no ring)

@: heavily drained
A: high mp 1
a: no special abilities


You were on level 7 of the Dungeon.
You were not hungry.

You visited 1 branch of the dungeon, and saw 7 of its levels.

You collected 332 gold pieces.

Inventory:

Hand Weapons
 a - a +0 war axe (weapon)
Missiles
 k - 9 boomerangs (quivered)
Armour
 c - a +0 kite shield (worn)
 u - a +0 plate armour (worn)
 y - a scarf of resistance (worn)
Jewellery
 r - a cursed ring of attention (left hand)
Scrolls
 e - 2 scrolls of enchant weapon {unknown}
 h - 5 scrolls of identify
 o - 4 scrolls of teleportation {unknown}
 t - 2 scrolls of magic mapping {unknown}
 v - 2 scrolls of amnesia {unknown}
 w - a scroll of immolation {unknown}
 x - 2 scrolls of blinking {unknown}
 B - a scroll of holy word {unknown}
 C - a scroll of remove curse {unknown}
Potions
 b - 2 potions of degeneration {unknown}
 d - 2 potions of might
 g - 5 potions of curing {unknown}
 i - a potion of ambrosia {unknown}
 j - 2 potions of heal wounds {unknown}
 l - a potion of experience {unknown}
 m - 2 potions of brilliance {unknown}
 n - a potion of stabbing {unknown}
 p - a potion of mutation {unknown}
 q - 4 potions of haste {unknown}
 s - a potion of magic {unknown}
 z - 2 potions of cancellation {unknown}
 A - a potion of invisibility {unknown}
Comestibles
 f - 11 rations
 D - 2 chunks of flesh


   Skills:
 * Level 4.7(3.2) Fighting
 + Level 5.1(3.6) Axes
 + Level 1.3(0.0) Throwing
 * Level 5.1(3.6) Armour
 + Level 0.4(0.0) Dodging
 * Level 5.6(4.1) Shields


You had 7 spell levels left.
You didn't know any spells.
Your spell library was empty.

Dungeon Overview and Level Annotations

Branches:
Dungeon (7/15)
 Temple: D:4-7


Innate Abilities, Weirdness & Mutations

You have an increased reservoir of magic. (+10% MP)


Message History

You block the orc warrior's attack. You block the orc's attack.
The orc warrior hits you with a +0 scimitar.
You slash the orc!
You kill the orc!
You hit the orc warrior.
An orc comes into view.
The orc warrior hits you with a +0 scimitar.
You block the orc's attack.
Items here: ))) / [[ †† You hit the orc.
The orc is moderately wounded.
You hit the orc warrior. You block the orc warrior's attack.
The orc hits you but does no damage.
The orc warrior hits you with a +0 scimitar!
* * * LOW HITPOINT WARNING * * *
You closely miss the orc.
The orc is moderately wounded.
You closely miss the orc warrior. The orc hits you but does no damage.
The orc warrior hits you with a +0 scimitar!
You die...

#. #. #. #####. #....
#### #.#.
#...##..#### #.#
###.#..oo@...# #.#
#........o##.# #.#
..........##.######.#
..##.........#...##.#
## #..###.##.#.#.##.#
. #.. #......#.##.#
.# ##
###....#....###.#
#.#######.....#
#....#....#.#.#


You could see an orc warrior and 2 orcs.

Vanquished Creatures
  A black bear (D:7)
  A necrophage (D:5)
  An ogre (D:6)
  3 centaurs (D:5)
  A big kobold (D:7)
  A scorpion (D:5)
  4 wights (D:6)
  2 crimson imps (D:5)
  A bullfrog skeleton (D:6)
  A bullfrog zombie (D:4)
  A hound (D:4)
  2 orc wizards
  Crazy Yiuf (D:4)
  An iguana (D:4)
  2 worker ants
  A hound zombie (D:6)
  6 adders
  3 gnolls (D:3)
  2 adder zombies
  An adder skeleton (D:5)
  2 worms
  A dart slug (D:1)
  A leopard gecko (D:2)
  12 orcs
  12 giant cockroaches
  8 goblins
  9 hobgoblins
  3 jackals (D:1)
  A quokka (D:5)
  4 bats (D:1)
  5 frilled lizards
  7 kobolds
  A leopard gecko zombie (D:5)
  A quokka skeleton (D:4)
  8 rats
111 creatures vanquished.

Notes
Turn   | Place    | Note
-------+----------+-------------------------------------------
     0 | D:1      | Error4North the Demigod Fighter began the quest for the
                  | Orb.
     0 | D:1      | Reached XP level 1. HP: 18/18 MP: 3/3
   201 | D:1      | Reached XP level 2. HP: 20/25 MP: 4/4
  1018 | D:2      | Reached XP level 3. HP: 31/31 MP: 5/5
  1856 | D:3      | Reached XP level 4. HP: 38/38 MP: 6/6
  2357 | D:3      | Reached XP level 5. HP: 37/45 MP: 7/7
  2421 | D:3      | Found a faded altar of an unknown god.
  2650 | D:4      | Found an ornate altar of the Wu Jian Council.
  2905 | D:4      | Found a runed translucent door.
  2906 | D:4      | Noticed Crazy Yiuf
  2914 | D:4      | Killed Crazy Yiuf
  3378 | D:5      | Entered Level 5 of the Dungeon
  3378 | D:5      | Found a hide-covered altar of Uskayaw.
  3420 | D:5      | Reached XP level 6. HP: 52/52 MP: 8/8
  3550 | D:5      | Found a snail-covered altar of Cheibriados.
  3666 | D:5      | Reached XP level 7. HP: 36/59 MP: 9/9
  4078 | D:5      | Found a shimmering blue altar of Sif Muna.
  4313 | D:6      | Reached skill level 1 in Throwing
  4801 | D:6      | Reached skill level 5 in Shields
  5438 | D:7      | Reached skill level 5 in Axes
  5438 | D:7      | Reached XP level 8. HP: 60/67 MP: 10/10
  5483 | D:7      | Reached skill level 5 in Armour
  5543 | D:7      | Slain by an orc warrior

Levels and vault maps discovered:
D:1:      saegor_arrival_simple_d, layout_loops_corners
D:2:      layout_basic
D:3:      layout_rooms, chequers_ecumenical_altar_simple_redux
D:4:      layout_basic, overflow_temple_1_default, uniq_crazy_yiuf_cottage
D:5:      layout_cave_pods, led_sif_pool, cheibriados_altar_1,
          eat_drink_and_be_merry_uskayaw, first_ration
D:6:      layout_basic
D:7:      layout_loops_ring, nicolae_overflow_hidden_temple, kennysheep_mini,
          lightli_temple_of_fire, temple_fountains, grunt_livestock,
          kennysheep_generic_room_16

Skill      XL: |  1  2  3  4  5  6  7  8 |
---------------+-------------------------+-----
Armour         | 3 4 5 |  5.1
Axes           | 2 3 4 5 |  5.1
Fighting       | 3 4 |  4.7
Shields        | 3 4 5 |  5.6
Throwing       | 1 |  1.3
Dodging        | |  0.4

Action                   |  1- 3 |  4- 6 |  7- 9 || total
-------------------------+-------+-------+-------++-------
Melee: War axe           |   150 |   160 |   145 ||   455
Throw: Boomerang         |    15 |     8 |    27 ||    50
  Use: Scroll            |       |       |     1 ||     1
  Eat: Chunk             |     3 |     6 |     4 ||    13
       Ration            |       |       |     1 ||     1
Armor: Scale mail        |    23 |       |       ||    23
       Chain mail        |    49 |    26 |       ||    75
       Plate armour      |       |    56 |    74 ||   130
Dodge: Dodged            |    43 |    39 |    23 ||   105
Block: Kite shield       |    89 |    98 |    85 ||   272

Table legend:
 A = Non-vault XP
 B = Vault XP
 C = Vault XP percentage of total XP
 D = Non-vault monster count
 E = Vault monster count
 F = Vault count percentage of total count
                 A         B        C        D         E       F
            +---------+---------+-------+---------+---------+-------
      Total |    1735 |     141 |   7.5 |     109 |       2 |   1.8
            +---------+---------+-------+---------+---------+-------
        D:1 |      37 |       0 |   0.0 |      21 |       0 |   0.0
        D:2 |      52 |       0 |   0.0 |      21 |       0 |   0.0
        D:3 |     148 |       0 |   0.0 |      27 |       0 |   0.0
        D:4 |     172 |      37 |  17.7 |       8 |       1 |  11.1
        D:5 |     664 |       0 |   0.0 |      15 |       0 |   0.0
        D:6 |     485 |       0 |   0.0 |      12 |       0 |   0.0
        D:7 |     177 |     104 |  37.0 |       5 |       1 |  16.7
            +---------+---------+-------+---------+---------+-------
